 Dungeon Crawl Stone Soup version 0.25-a0-822-g6581751b11 (webtiles) character file.

Game seed: 5592895384205957463, levelgen mode: deterministic

31919 MisterFreud the Nimble (level 13, -1/89 HPs)
             Began as an Octopode Transmuter on Apr 20, 2020.
             Was the Champion of Cheibriados.
             Killed from afar by a rime drake (31 damage)
             ... with a flash freeze
             ... on level 5 of the Lair of Beasts.
             The game lasted 00:40:40 (19257 turns).

MisterFreud the Nimble (Octopode Transmuter)       Turns: 19257, Time: 00:40:41

Health: -1/89      AC:  2    Str: 25    XL:     13   Next: 61%
Magic:  12/22      EV: 24    Int: 34    God:    Cheibriados [******]
Gold:   706        SH:  3    Dex: 28    Spells: 9/24 levels left

rFire    . . .     SeeInvis +     - Unarmed
rCold    . . .     Gourm    .   (shield currently unavailable)
rNeg     . . .     Faith    .   (helmet restricted)
rPois    .         Spirit   .   R - +3 amulet of reflection
rElec    .         Reflect  +   g - ring of flight
rCorr    .         Harm     .   h - ring of fire
MR       .....                  y - +1 ring of protection
Stlth    ++++++++..             O - ring of see invisible
HPRegen  0.24/turn              u - ring of stealth
MPRegen  0.18/turn              Q - ring of ice
                                P - ring of wizardry
                                V - ring of stealth

@: blade tentacles, very slow
A: almost no armour, stealthy swim, amphibious, 8 rings, constrict 8, camouflage
1, gelatinous body 1
a: End Transformation, Bend Time, Temporal Distortion, Slouch, Step From Time,
Renounce Religion, Evoke Flight


You were on level 5 of the Lair of Beasts.
You worshipped Cheibriados.
Cheibriados was exalted by your worship.
You were not hungry.
You had blades for tentacles.
You visited 3 branches of the dungeon, and saw 16 of its levels.
You also visited: Sewer.

You collected 916 gold pieces.
You spent 210 gold pieces at shops.

Inventory:

Missiles
 a - 270 arrows
 b - 91 bolts
 e - 484 stones (quivered)
 f - 14 atropa-tipped darts
 k - 152 sling bullets
 m - 108 poisoned darts
 r - 11 silver javelins
 w - 4 boomerangs
Armour
 v - a +2 buckler (melded)
Jewellery
 g - a ring of flight (left scythe-like blade)
 h - a ring of fire (right scythe-like blade)
 u - a ring of stealth (on tentacle)
 y - a +1 ring of protection (on tentacle)
 O - a ring of see invisible (on tentacle)
 P - a ring of wizardry (on tentacle)
 Q - a ring of ice (on tentacle)
 R - a +3 amulet of reflection (around mantle)
 V - a ring of stealth (on tentacle)
Wands
 d - a wand of flame (45)
 F - a wand of disintegration (11)
 H - a wand of clouds (3)
 K - a wand of enslavement (7)
 L - a wand of iceblast (8)
 T - a wand of acid (11)
 X - a wand of scattershot (3)
Scrolls
 j - 3 scrolls of summoning {unknown}
 s - 4 scrolls of remove curse
 A - 2 scrolls of enchant weapon {unknown}
 B - 6 scrolls of amnesia {unknown}
 C - 6 scrolls of teleportation
 D - a scroll of silence {unknown}
 E - 3 scrolls of enchant armour
 G - a scroll of vulnerability {unknown}
 I - 3 scrolls of blinking {unknown}
 J - 5 scrolls of immolation {unknown}
 M - 2 scrolls of torment {unknown}
 N - a scroll of fog
 S - a scroll of random uselessness {unknown}
Potions
 i - a potion of resistance
 l - 9 potions of curing
 n - 6 potions of brilliance
 o - 2 potions of might
 p - 4 potions of flight
 q - 5 potions of stabbing
 t - a potion of cancellation
 x - 3 potions of lignification
 z - 3 potions of mutation
 U - a potion of magic
 W - 2 potions of invisibility
Comestibles
 c - 43 rations


   Skills:
 + Level 8.6 Fighting
 - Level 10.0 Dodging
 - Level 10.0 Stealth
 - Level 4.0 Shields
 + Level 8.6 Unarmed Combat
 - Level 6.0 Spellcasting
 - Level 10.0 Transmutations
 - Level 10.0 Invocations
 - Level 5.0 Evocations


You had 9 spell levels left.
You knew the following spells:

 Your Spells              Type           Power        Failure   Level  Hunger
a - Beastly Appendage     Tmut           ######       2%          1    None
b - Sticks to Snakes      Tmut           ######..     2%          2    None
c - Spider Form           Tmut/Pois      #####.....   8%          3    None
d - Blade Hands           Tmut           ######....   9%          5    ####...
e - Ice Form              Ice/Tmut       ######..     13%         4    ##.....

Your spell library contained the following spells:

 Spells                   Type           Power        Failure   Level  Hunger


Dungeon Overview and Level Annotations

Branches:
Dungeon (10/15)            Temple (1/1) D:6            Lair (5/6) D:8
 Shoals (0/4) Lair:3        Snake (0/4) Lair:2          Orc (0/2) D:10
  Sewer (visited)
  Slime: Lair:5-6

Altars:
Ashenzari
Cheibriados
Dithmenos
Elyvilon
Gozag
Hepliaklqana
Kikubaaqudgha
Makhleb
Nemelex Xobeh
Okawaru
Qazlal
Ru
Sif Muna
Trog
Uskayaw
Vehumet
Wu Jian
Xom
Yredelemnul
Zin
The Shining One

Shops:
D:4 (   D:6 %   D:9 ([(=

Annotations:
D:7 exclusion: statue
Lair:4 3 runed translucent doors, Siyc's ghost, journeyman DsWn


Innate Abilities, Weirdness & Mutations

You cannot wear most types of armour.
You are very stealthy in the water. (Stealth+)
You are amphibious.
You can wear up to eight rings at the same time.
You can use your tentacles to constrict eight enemies at once.
Your skin changes colour to match your surroundings (Stealth+).
Your rubbery body absorbs attacks. (AC +1, EV +1)


Message History

You kill the death yak!
Cheibriados appreciates the change of pace.
You hear an angry hiss.
You closely miss the rime drake. You squeeze the rime drake.
The rime drake is lightly wounded.
Your tentacles revert to their normal proportions.
Your +2 buckler unmelds from your body.
You hear an angry hiss.
The rime drake completely misses you.
You completely miss the rime drake. You tentacle-slap the rime drake.
You squeeze the rime drake.
The rime drake is moderately wounded.
The rime drake closely misses you.
Casting: Blade Hands (mildly dangerous; 1% risk of failure)
Confirm with . or Enter, or press ? or * to list all spells.
Your tentacles turn into razor-sharp scythe blades.
Your +2 buckler melds into your body.
You block the rime drake's attack. The rime drake breathes ice at you.
The flash freeze hits you!!
You die...

................#
#............####
........##...#
#[.....###...#
.......##.>.#### #
P... ##.......## #.
...##....8....#
..........†###....##
....##....#@####...#
........#k##.# ....#
...##.....#...#.....#
.+....?.............
...8.....8..<..8....
...........÷........
....#...#.....##....
... #...####..# ...
.. ##... #### .


You could see a rime drake.

Vanquished Creatures
  Harold (D:7)
  5 hydras
  8 death yaks
  An ugly thing (D:10)
  6 elephants (Lair:3)
  A centaur zombie (D:10)
  2 black mambas
  Psyche (D:9)
  2 torpor snails (Lair:3)
  A centaur skeleton (D:10)
  7 spiny frogs
  Maggie (D:9)
  2 komodo dragons
  3 trolls
  2 dream sheep (D:8)
  6 blink frogs (Lair:4)
  5 hippogriffs
  Sigmund (D:3)
  A wraith (D:10)
  A basilisk (Lair:3)
  16 yaks
  A steam dragon (D:9)
  A wyvern (Lair:3)
  5 nagas (Lair:2)
  8 water moccasins
  10 porcupines
  4 orc warriors
  2 sky beasts
  A necrophage (D:8)
  3 ice beasts
  A phantom (D:7)
  A black bear (D:10)
  9 wolves (Lair:3)
  6 ogres
  6 centaurs
  5 crocodiles
  7 big kobolds
  17 bullfrogs
  5 scorpions
  8 killer bees (D:10)
  A howler monkey (D:10)
  3 crimson imps
  2 quasits (D:8)
  4 hounds
  6 orc priests
  4 jellies
  7 orc wizards
  A bullfrog skeleton (D:4)
  9 hell rats (Lair:2)
  5 iguanas
  7 worker ants
  3 hound skeletons
  Robin (D:2)
  13 adders
  22 river rats
  A shadow imp (D:5)
  2 oozes
  An adder zombie (D:5)
  An adder skeleton (D:4)
  4 worms
  4 leopard geckos
  26 orcs
  7 ball pythons
  9 bats
  4 giant cockroaches
  16 goblins
  13 hobgoblins
  4 jackals
  13 quokkas
  4 frilled lizards
  A jackal skeleton (D:4)
  43 kobolds
  A leopard gecko skeleton (D:8)
  32 rats
  A plant (Lair:3)
448 creatures vanquished.

Vanquished Creatures (collateral kills)
  A jackal (D:8)
  A ball python (Sewer)
  A frilled lizard (D:2)
  3 rats (Sewer)
6 creatures vanquished.

Vanquished Creatures (others)
  3 kobolds (D:9)
  A bush (Lair:3)
  21 fungi
  A plant (Lair:3)
26 creatures vanquished.

Grand Total: 480 creatures vanquished

Notes
Turn   | Place    | Note
-------+----------+-------------------------------------------
     0 | D:1      | MisterFreud the Octopode Transmuter began the quest for the
                  | Orb.
     0 | D:1      | Reached XP level 1. HP: 13/13 MP: 3/3
   187 | D:1      | Reached XP level 2. HP: 11/18 MP: 3/5
   205 | D:1      | Learned a level 2 spell: Sticks to Snakes
   634 | D:1      | Reached XP level 3. HP: 20/23 MP: 4/6
   639 | D:1      | Learned a level 3 spell: Spider Form
  1378 | D:2      | Noticed Robin
  1569 | D:2      | Killed Robin
  1569 | D:2      | Reached XP level 4. HP: 28/28 MP: 4/8
  2643 | D:2      | Reached XP level 5. HP: 25/33 MP: 5/9
  2686 | D:3      | Noticed Sigmund
  2699 | D:3      | Killed Sigmund
  2699 | D:3      | Reached skill level 5 in Transmutations
  2699 | D:3      | Reached XP level 6. HP: 22/39 MP: 5/10
  2704 | D:3      | Found a faded altar of an unknown god.
  2753 | D:3      | Found a glowing drain.
  2774 | Sewer    | Entered a sewer
  4612 | D:4      | Reached XP level 7. HP: 37/46 MP: 7/11
  4665 | D:4      | Found Veixod's Weapon Emporium.
  4813 | D:4      | Reached skill level 5 in Dodging
  4856 | D:4      | Found a shattered altar of Ashenzari.
  5745 | D:4      | Reached XP level 8. HP: 38/54 MP: 10/12
  5894 | D:5      | Entered Level 5 of the Dungeon
  7142 | D:6      | Reached skill level 5 in Fighting
  7142 | D:6      | Reached skill level 5 in Unarmed Combat
  7370 | D:6      | Reached XP level 9. HP: 30/61 MP: 9/13
  7528 | D:6      | Learned a level 5 spell: Blade Hands
  7698 | D:6      | Found a staircase to the Ecumenical Temple.
  7723 | Temple   | Entered the Ecumenical Temple
  7898 | Temple   | Became a worshipper of Cheibriados the Contemplative
  7946 | D:6      | Found an opulent altar of Gozag.
  7980 | D:6      | Found Vyng's Food Shop.
  8365 | D:6      | Found a bloodstained altar of Trog.
  8539 | D:7      | Found a shimmering blue altar of Sif Muna.
  8710 | D:7      | Found a radiant altar of Vehumet.
  8766 | D:7      | Reached skill level 1 in Evocations
  8790 | D:7      | Noticed Harold
  8811 | D:7      | Killed Harold
  8942 | D:7      | Found an ancient bone altar of Kikubaaqudgha.
  9261 | D:8      | Reached * piety under Cheibriados
  9303 | D:8      | Reached skill level 5 in Evocations
  9308 | D:8      | Reached XP level 10. HP: 19/68 MP: 12/14
  9471 | D:8      | Found a staircase to the Lair.
  9591 | D:8      | Reached ** piety under Cheibriados
  9728 | D:8      | Reached skill level 10 in Dodging
  9782 | D:8      | Reached skill level 1 in Invocations
  9798 | D:8      | Found a hide-covered altar of Uskayaw.
 10044 | D:8      | Reached skill level 5 in Invocations
 10080 | D:8      | Noticed a three-headed hydra
 10085 | D:8      | Killed a three-headed hydra
 10262 | D:8      | Found an ornate altar of the Wu Jian Council.
 10349 | D:9      | Found Tuziqumo's Antique Weapon Shop.
 10365 | D:9      | Reached *** piety under Cheibriados
 10493 | D:9      | Noticed Psyche
 10506 | D:9      | Reached skill level 5 in Spellcasting
 10506 | D:9      | Reached XP level 11. HP: 63/72 MP: 16/18
 10514 | D:9      | Killed Psyche
 10543 | D:9      | Found Aqipatre's Antique Armour Shoppe.
 10690 | D:9      | Found Kadics's Jewellery Emporium.
 10695 | D:9      | Bought an uncursed ring of see invisible for 210 gold
                  | pieces
 10703 | D:9      | Noticed Maggie
 10728 | D:9      | Killed Maggie
 10954 | D:9      | Found a glowing silver altar of Zin.
 11071 | D:9      | Found Join's Weapon Shoppe.
 11254 | D:10     | Entered Level 10 of the Dungeon
 11268 | D:10     | Reached **** piety under Cheibriados
 11506 | D:10     | Noticed a red ugly thing
 11518 | D:10     | Killed a red ugly thing
 12075 | D:10     | Found a staircase to the Orcish Mines.
 12519 | D:10     | Reached skill level 10 in Transmutations
 12836 | D:10     | Reached skill level 1 in Stealth
 13109 | D:10     | Learned a level 4 spell: Ice Form
 13199 | Lair:1   | Entered Level 1 of the Lair of Beasts
 13322 | Lair:1   | Reached skill level 1 in Shields
 13390 | Lair:1   | Noticed a four-headed hydra
 13578 | Lair:1   | Killed a four-headed hydra
 13578 | Lair:1   | Reached skill level 5 in Stealth
 13765 | Lair:1   | Reached XP level 12. HP: 74/79 MP: 15/21
 13777 | Lair:1   | Found the +8 arc blade {discharge, rElec}
 14171 | Lair:2   | Found a staircase to the Snake Pit.
 14558 | Lair:2   | Reached ***** piety under Cheibriados
 15271 | Lair:2   | Noticed a six-headed hydra
 15282 | Lair:2   | Killed a six-headed hydra
 16186 | Lair:3   | Found a staircase to the Shoals.
 17029 | Lair:3   | Reached skill level 10 in Stealth
 17076 | Lair:3   | Noticed a death yak
 17083 | Lair:3   | Killed a death yak
 17130 | Lair:3   | Noticed a death yak
 17140 | Lair:3   | Killed a death yak
 17149 | Lair:3   | Reached ****** piety under Cheibriados
 17149 | Lair:3   | Reached skill level 10 in Invocations
 17150 | Lair:3   | Reached XP level 13. HP: 21/83 MP: 16/22
 18704 | Lair:4   | Found a runed translucent gate.
 18704 | Lair:4   | Found a runed translucent gate.
 18704 | Lair:4   | Found a runed translucent gate.
 18704 | Lair:4   | Noticed Siyc's ghost (journeyman DsWn)
 19257 | Lair:5   | Killed from afar by a rime drake

Levels and vault maps discovered:
D:1:      arrival_zaba_pyramid, layout_loops_ring, minmay_pentomino_s4
D:2:      layout_loops_corners, uniq_robin
D:3:      layout_basic, chequers_ecumenical_altar_island, portal_sewer_entry_a,
          uniq_sigmund
D:4:      layout_basic, marbit_many_paths, serial_shops, shop_statue
D:5:      cheibrodos_quashed, layout_cave_pods, first_ration
D:6:      layout_loops_corners, nicolae_gozag_cash_rules_everything_around_me,
          minmay_temple_entry_glassed_door, serial_shops, kennysheep_little_box,
          trog_hazing_becter
D:7:      layout_basic, led_sif_pool, kennysheep_mini, vehumet_statue,
          uniq_harold
D:8:      layout_basic, nicolae_overflow_hidden_temple,
          nicolae_overflow_crystal_walls, due_lair_maze_entry_diamond,
          hangedman_ranch [blue_anna_fruit_fields]
D:9:      layout_loops_ring, basic_altar, serial_shops, shop,
          nicolae_shop_stone, kennysheep_mini_moat, shop, uniq_maggie,
          uniq_psyche
D:10:     layout_irregular_city, orc_0_dummy, serial_glass, glass_columns_a,
          glass_columns_b, minivault_5
Temple:   regret_index_temple_generic_petals
Lair:1:   layout_misc_corridors, minivault_25, infiniplex_staircase_pool
Lair:2:   lemuel_ratsnest, layout_loops_ring,
          minmay_snake_entry_guardpost_medium, serial_bayou_ford_a,
          st_stairs_13, small_statue_intersection, lemuel_fruit_fields
Lair:3:   layout_loops_ring, shoals_dummy_entry, serial_bayou_shore_b,
          grunt_megastairs_1, serial_bayou_shore_b, lemuel_fruit_tree
Lair:4:   layout_gridlike, gammafunk_ghost_necromancy, st_stairs_10
Lair:5:   beast_lair_carwin_large_3, layout_layer_cave, minivault_23,
          grunt_megastairs_5

Skill      XL: |  1  2  3  4  5  6  7  8  9 10 11 12 13 |
---------------+----------------------------------------+-----
Transmutations | 3 4 5 6 10 | 10.0
Spellcasting   | 3 5 6 |  6.0
Fighting       | 2 3 5 6 8 |  8.6
Dodging        | 4 5 6 8 10 | 10.0
Unarmed Combat | 5 6 8 |  8.6
Evocations     | 5 |  5.0
Invocations    | 5 10 | 10.0
Stealth        | 5 10 | 10.0
Shields        | 3 4 |  4.0

Action                   |  1- 3 |  4- 6 |  7- 9 | 10-12 | 13-15 || total
-------------------------+-------+-------+-------+-------+-------++-------
Melee: Unarmed           |    93 |   219 |   303 |   557 |    90 ||  1262
       Tentacles         |    13 |    32 |    10 |   101 |    34 ||   190
       Kick              |     5 |     2 |       |       |       ||     7
       Constrict         |    19 |    44 |    21 |    47 |     3 ||   134
       Punch             |     1 |     2 |     2 |    22 |    11 ||    38
 Cast: Beastly Appendage |    10 |     1 |       |       |       ||    11
       Spider Form       |     3 |     7 |    27 |    28 |       ||    65
       Sticks to Snakes  |       |     5 |       |     1 |       ||     6
       Blade Hands       |       |       |     1 |    35 |    14 ||    50
       Ice Form          |       |       |       |     2 |     2 ||     4
Invok: Slouch            |       |       |       |     2 |     1 ||     3
 Abil: End Transformatio |       |       |       |     1 |       ||     1
       Evoke Flight      |       |       |       |     1 |       ||     1
Evoke: Wand              |       |       |     3 |     6 |     1 ||    10
  Use: Scroll            |       |     8 |     1 |    10 |     4 ||    23
       Potion            |       |       |     1 |     6 |       ||     7
 Stab: Sleeping          |     9 |     9 |     9 |    13 |     9 ||    49
       Distracted        |       |       |       |     2 |       ||     2
  Eat: Chunk             |     3 |    11 |    16 |    19 |     4 ||    53
       Ration            |       |       |     1 |     1 |     1 ||     3
Armor: Skin              |     7 |    18 |    10 |    23 |     4 ||    62
Dodge: Dodged            |    70 |   159 |   238 |   553 |    65 ||  1085
Block: Other             |       |       |       |     7 |     9 ||    16
       Buckler           |       |       |       |    10 |     1 ||    11
       Reflection        |       |       |       |     1 |       ||     1

Table legend:
 A = Non-vault XP
 B = Vault XP
 C = Vault XP percentage of total XP
 D = Non-vault monster count
 E = Vault monster count
 F = Vault count percentage of total count
                 A         B        C        D         E       F
            +---------+---------+-------+---------+---------+-------
      Total |   33151 |   12448 |  27.3 |     300 |     153 |  33.8
            +---------+---------+-------+---------+---------+-------
        D:1 |      41 |       4 |   8.9 |      20 |       4 |  16.7
        D:2 |     113 |      34 |  23.1 |      27 |      11 |  28.9
        D:3 |      47 |     210 |  81.7 |      10 |       5 |  33.3
        D:4 |     643 |      39 |   5.7 |      27 |       1 |   3.6
        D:5 |     625 |       0 |   0.0 |      18 |       0 |   0.0
        D:6 |     764 |      10 |   1.3 |      15 |       6 |  28.6
        D:7 |     302 |     981 |  76.5 |       3 |       1 |  25.0
        D:8 |    1454 |    3086 |  68.0 |      38 |      17 |  30.9
        D:9 |    2131 |     823 |  27.9 |      25 |       2 |   7.4
       D:10 |    4677 |       0 |   0.0 |      46 |       0 |   0.0
     Lair:1 |    2543 |       0 |   0.0 |      10 |       0 |   0.0
     Lair:2 |    1567 |    3093 |  66.4 |       7 |      46 |  86.8
     Lair:3 |    8418 |    3743 |  30.8 |      33 |      10 |  23.3
     Lair:4 |    3627 |     299 |   7.6 |      14 |       2 |  12.5
     Lair:5 |    6199 |       0 |   0.0 |       7 |       0 |   0.0
      Sewer |       0 |     126 | 100.0 |       0 |      48 | 100.0
            +---------+---------+-------+---------+---------+-------
